 Dungeon Crawl Stone Soup version 0.28-a0-779-g3d1f99b579 (webtiles) character file.

Game seed: 8919111436681287935

1507 kae the Cleaver (level 8, -3/71 HPs)
             Began as a Hill Orc Cinder Acolyte on Nov 2, 2021.
             Was a High Priest of Ignis.
             Succumbed to a water moccasin's poison
             ... on level 5 of the Dungeon.
             The game lasted 00:05:31 (7333 turns).

kae the Cleaver (Hill Orc Cinder Acolyte)           Turns: 7333, Time: 00:05:32

Health: -3/71      AC: 10    Str: 19    XL:     8   Next: 82%
Magic:  1/13       EV:  9    Int: 14    God:    Ignis [*****.]
Gold:   237        SH:  0    Dex:  6    Spells: 12/14 levels left

rFire   . . .      SeeInvis .   a - +0 hand axe (flame)
rCold   + + .      Faith    .   (no shield)
rNeg    . . .      Spirit   .   e - +0 ice dragon scales
rPois   .          Reflect  .   (no helmet)
rElec   .          Harm     .   (no cloak)
rCorr   .          Rampage  .   i - +0 pair of gloves
Will    .....                   (no boots)
Stlth   ..........              f - amulet of regeneration
HPRegen 1.21/turn               (no ring)
MPRegen 0.13/turn               (no ring)

@: lethally poisoned (-3 -> -21), very slightly contaminated
A: no striking features
a: Renounce Religion, Sea of Fire, Foxfire Swarm, Rising Flame


You were on level 5 of the Dungeon.
You worshipped Ignis.
Ignis was extremely pleased with you.
You visited 1 branch of the dungeon, and saw 6 of its levels.
You also visited: Sewer.

You collected 282 gold pieces.
You spent 45 gold pieces at shops.

Inventory:

Hand Weapons
 a - a +0 hand axe of flaming (weapon)
Armour
 b - a +1 robe
 e - +0 ice dragon scales (worn)
 i - a +0 pair of gloves (worn)
Jewellery
 f - an amulet of regeneration (around neck)
 o - an amulet of magic regeneration
Scrolls
 d - a scroll of fear
 m - a scroll of blinking
 s - a scroll of magic mapping
 t - a scroll of teleportation
Potions
 c - 2 potions of cancellation
 g - a potion of heal wounds
 j - a potion of brilliance
 l - 2 potions of invisibility
 n - a potion of might {unknown}
 q - a potion of resistance {unknown}


   Skills:
 + Level 6.7 Fighting
 * Level 9.7 Axes
 + Level 3.6 Spellcasting
 + Level 6.2 Fire Magic


You had 12 spell levels left.
You knew the following spells:

 Your Spells              Type           Power      Damage    Failure   Level
a - Scorch                Fire           38%        2d7       10%         2

Your spell library contained the following spells:

 Spells                   Type           Power      Damage    Failure   Level
 Static Discharge         Conj/Air       2%         N/A       77%         2
 Sublimation of Blood     Necr           2%         N/A       77%         2
 Dazzling Flash           Conj/Hex       4%         N/A       94%         3
 Iskenderun's Mystic Bla  Conj/Tloc      2%         2d3       100%        4
 Petrify                  Tmut/Erth      2%         N/A       100%        4
 Irradiate                Conj/Tmut      1%         3d14      100%        5
 Lightning Bolt           Conj/Air       1%         1d12      100%        5
 Starburst                Conj/Fire      5%         6d4       100%        6
 Maxwell's Capacitive Co  Air            1%         ∞         100%        8


Dungeon Overview and Level Annotations

Branches:
Dungeon (6/15)              Sewer (visited)
 Temple: D:4-7

Altars:
Makhleb
Qazlal
Vehumet
Beogh

Shops:
D:2 *


Message History

Casting: Scorch (safe; 10% risk of failure)
Confirm with . or Enter, or press ? or * to list all spells.
You miscast Scorch.
Nothing appears to happen.
You feel very sick. The water moccasin misses you. x2
Casting: Scorch (safe; 10% risk of failure)
Confirm with . or Enter, or press ? or * to list all spells.
You miscast Scorch.
Nothing appears to happen.
You feel sick. The water moccasin bites you.
Casting: Scorch (safe; 10% risk of failure)
Confirm with . or Enter, or press ? or * to list all spells.
Flames lash the water moccasin.
The water moccasin is heavily wounded.
The water moccasin's fire resistance burns away.
You feel very sick. The water moccasin bites you. x2
You feel sick. The water moccasin bites you.
Casting: Scorch (safe; 10% risk of failure)
Confirm with . or Enter, or press ? or * to list all spells.
Flames lash the water moccasin.
The water moccasin is burned terribly!
The water moccasin is almost dead.
You feel sick.
The water moccasin bites you but does no damage.
You feel sick. The water moccasin bites you!
* * * LOW HITPOINT WARNING * * *
You are more poisoned.
The water moccasin poisons you! The water moccasin bites you.
* * * LOW HITPOINT WARNING * * *
Casting: Scorch (safe; 10% risk of failure)
Confirm with . or Enter, or press ? or * to list all spells.
Flames lash the water moccasin.
The water moccasin is burned terribly!
The water moccasin is almost dead.
* * * LOW HITPOINT WARNING * * *
You feel very sick.
The water moccasin is no longer more vulnerable to fire.
The water moccasin bites you!
* * * LOW HITPOINT WARNING * * *
You are more poisoned.
The water moccasin poisons you!
You die...

....# #.#########
..# #.....#
.(###.....##########
..........'........#
..........########.#
..........# #.#
..........########.#
...[............@#.#
..........######S#.#
.>).......# #.#.#
..##......# #.#.#
[..#.#...## #.#.#
.#.#.#...### #.#.#
)#.#.#.....# #.#.#
<#.#.#.....# #.#.#
.#.#.#.....# #.#.#


You could see a water moccasin.

Vanquished Creatures
  A black bear (D:5)
  An ice beast (D:4)
  An ogre (D:2)
  2 phantoms
  3 kobold brigands (Sewer)
  A water moccasin zombie (D:5)
  3 scorpions
  2 crimson imps
  A centaur zombie (D:3)
  2 jellies
  A hound (D:5)
  2 orc priests (D:5)
  3 iguanas
  A hound skeleton (D:5)
  A howler monkey zombie (D:5)
  10 adders
  3 gnolls (D:5)
  4 river rats
  A shadow imp (D:5)
  A white imp (D:4)
  11 worms
  6 dart slugs
  8 orcs
  4 bats
  9 endoplasms
  3 giant cockroaches
  6 goblins
  3 hobgoblins
  12 jackals
  6 kobolds
  5 quokkas
  5 ball pythons
  3 frilled lizards
  9 rats
134 creatures vanquished.

Notes
Turn   | Place    | Note
-------+----------+-------------------------------------------
     0 | D:1      | kae the Hill Orc Cinder Acolyte began the quest for the
                  | Orb.
     0 | D:1      | Reached XP level 1. HP: 19/19 MP: 2/2
   123 | D:1      | Reached XP level 2. HP: 7/27 MP: 3/3
   389 | D:1      | Learned a level 2 spell: Scorch
  1145 | D:1      | Found a roughly hewn altar of Beogh.
  1200 | D:1      | Reached XP level 3. HP: 27/33 MP: 4/4
  1309 | D:1      | Found a faded altar of an unknown god.
  1441 | D:2      | Noticed a phantom
  1468 | D:2      | Killed a phantom
  1469 | D:2      | Reached skill level 5 in Axes
  1469 | D:2      | Reached XP level 4. HP: 41/41 MP: 0/6
  1530 | D:2      | Found Zeel's Assorted Antiques.
  1589 | D:2      | Bought a glowing emerald potion for 21 gold pieces
  1589 | D:2      | Bought a scroll labelled YKUFFY KIANUSH for 24 gold pieces
  1642 | D:2      | Noticed an ogre
  1714 | D:2      | Reached XP level 5. HP: 46/47 MP: 1/7
  1821 | D:2      | Killed an ogre
  1822 | D:2      | Reached skill level 6 in Axes
  2616 | D:3      | Reached XP level 6. HP: 28/55 MP: 1/9
  2747 | D:3      | Found a glowing drain.
  2760 | Sewer    | Entered a sewer
  2844 | Sewer    | Reached skill level 5 in Fighting
  3225 | Sewer    | Reached skill level 7 in Axes
  3225 | Sewer    | Reached XP level 7. HP: 46/61 MP: 0/10
  3732 | Sewer    | Reached skill level 5 in Fire Magic
  5232 | D:4      | Reached skill level 8 in Axes
  5298 | D:4      | Noticed a two-headed ogre
  5696 | D:4      | Found a stormy altar of Qazlal.
  5921 | D:5      | Entered Level 5 of the Dungeon
  5927 | D:5      | Reached XP level 8. HP: 57/70 MP: 9/12
  6258 | D:5      | Reached skill level 9 in Axes
  6322 | D:5      | Found a radiant altar of Vehumet.
  6329 | D:5      | Found a burning altar of Makhleb.
  7332 | D:5      | HP: 3/71 [water moccasin (7)]
  7333 | D:5      | Succumbed to a water moccasin's poison

Illustrated notes

Levels and vault maps discovered:
D:1:      enne_arrival_octagon_isle, layout_loops_ring,
          hellmonk_ecumenical_altar_defaced_shrine, grunt_decor_cap,
          minmay_misc_feat_alley
D:2:      layout_rooms, serial_shops, shop_fountains, amcnicky_mini_pool_small
D:3:      layout_loops_ring, lightli_sewer_entry_pipes
D:4:      layout_rooms, mainiacjoe_overflow_six_doors_small,
          serial_corexii_hall, corexii_hall_statues_s, chequers_hall_statues_y,
          minmay_fire_ice_demons
D:5:      layout_basic, grunt_temple_overflow_lords_of_destruction
D:6:      layout_loops_ring, grunt_temple_overflow_open

Skill      XL: |  1  2  3  4  5  6  7  8 |
---------------+-------------------------+-----
Fighting       | 4 5 6 |  6.7
Axes           | 5 6 7 8 9 |  9.7
Spellcasting   | 2 3 |  3.6
Fire Magic     | 4 5 6 |  6.2

Action                   |  1- 3 |  4- 6 |  7- 9 || total
-------------------------+-------+-------+-------++-------
Melee: Hand axe          |    55 |    44 |    99 ||   198
 Cast: Scorch            |     8 |    48 |   108 ||   164
  Use: Scroll            |     2 |     3 |    12 ||    17
       Potion            |       |     2 |     1 ||     3
Armor: Robe              |    20 |    20 |    12 ||    52
       Ice dragon scales |       |       |    88 ||    88
Dodge: Dodged            |    34 |    61 |   101 ||   196

Table legend: (Time is in decaauts)
 A = Elapsed time spent in this place.
 B = Non-inter-level travel time spent in this place.
 C = Inter-level travel time spent in this place.
 D = Time resting spent in this place.
 E = Time spent auto-exploring this place.
 F = Levels seen in this place.
 G = Mean time per level.
                   A        B        C        D        E       F      G
               +--------+--------+--------+--------+--------+-----+--------+
         Total |   7522 |   7293 |    229 |    896 |   5162 |   7 | 1074.6 |
       Dungeon |   6093 |   5864 |    229 |    577 |   4261 |   6 | 1015.5 |
         Sewer |   1429 |   1429 |      0 |    319 |    900 |   1 | 1429.0 |
               +--------+--------+--------+--------+--------+-----+--------+

Top non-repeatable levels by time:
   Sewer: 1429 daAuts
     D:1: 1398 daAuts
     D:3: 1350 daAuts
     D:5: 1162 daAuts
     D:4: 1138 daAuts
     D:2: 934 daAuts
     D:6: 109 daAuts
